 Dungeon Crawl Stone Soup version 0.27.1-2-g3b301248ec (webtiles) character file.

Game seed: 4352664846565240078

12156 Borgoz the Fighter (level 11, -11/114 HPs)
             Began as a Gargoyle Berserker on Sept 26, 2021.
             Was a High Priest of Trog.
             Mangled by a hell knight (23 damage)
             ... on level 10 of the Dungeon.
             The game lasted 00:11:38 (11605 turns).

Borgoz the Fighter (Gargoyle Berserker)            Turns: 11605, Time: 00:11:39

Health: -11/114    AC: 21    Str: 20    XL:     11   Next: 89%
Magic:  3/3        EV: 17    Int:  9    God:    Trog [*****.]
Gold:   445        SH:  0    Dex: 12    Spells: 10/10 levels left

rFire    . . .     SeeInvis .   E - +10 whip of Xots {antimagic, rElec}
rCold    . . .     Faith    .   (no shield)
rNeg     + . .     Spirit   .   p - +0 acid dragon scales
rPois    ∞         Reflect  .   (no helmet)
rElec    +         Harm     .   r - +0 cloak
rCorr    +         Rampage  .   v - +0 pair of gloves
Will     .....                  c - +0 pair of boots
Stlth    ..........             L - amulet of regeneration
HPRegen  1.29/turn              g - +4 ring of evasion
MPRegen  0.08/turn              j - ring of flight

@: berserking, flying, studying Fighting, very quick
A: sickness immunity, AC +8, negative energy resistance 1, electricity
resistance, torment resistance 1, petrification resistance
a: Renounce Religion, Berserk, Trog's Hand, Brothers in Arms


You were on level 10 of the Dungeon.
You worshipped Trog.
Trog was extremely pleased with you.
You visited 1 branch of the dungeon, and saw 10 of its levels.

You collected 445 gold pieces.

Inventory:

Hand Weapons
 E - the +10 whip of Xots (weapon) {antimagic, rElec}
   (You found it on level 7 of the Dungeon)

   It reduces the magical energy of the wielder, and disrupts the spells and
   magical abilities of those it strikes.
   Natural abilities and divine invocations are not affected.
   rElec:     It insulates you from electricity.
Armour
 c - a +0 pair of boots (worn)
 p - +0 acid dragon scales (worn)
 r - a +0 cloak (worn)
 v - a +0 pair of gloves (worn)
 w - +0 steam dragon scales
 M - a +2 ring mail of cold resistance
 O - a +1 chain mail of willpower
Jewellery
 g - a +4 ring of evasion (left hand)
 i - an amulet of guardian spirit
 j - a ring of flight (right hand)
 n - the amulet of Caff {RegenMP rC+}
   (You took it off a centaur on level 4 of the Dungeon)

   [amulet of magic regeneration]

   It increases your rate of magic regeneration.
   rC:        It protects you from cold.
 q - a +4 ring of protection
 B - a ring of resist corrosion
 L - an amulet of regeneration (around neck)
Wands
 u - a wand of flame (14)
Scrolls
 b - a scroll of fear {unknown}
 f - 4 scrolls of vulnerability {unknown}
 k - 5 scrolls of amnesia {unknown}
 l - 3 scrolls of immolation {unknown}
 m - 4 scrolls of teleportation
 o - a scroll of enchant armour {unknown}
 x - a scroll of fog {unknown}
 y - a scroll of magic mapping
 A - a scroll of acquirement {unknown}
 C - a scroll of torment {unknown}
 D - 2 scrolls of blinking
 I - 2 scrolls of noise {unknown}
 P - a scroll of summoning {unknown}
Potions
 d - 2 potions of resistance {unknown}
 h - a potion of cancellation {unknown}
 s - 5 potions of curing {unknown}
 t - a potion of haste
 z - 4 potions of attraction
 F - 2 potions of heal wounds {unknown}
 G - a potion of brilliance {unknown}
 H - 3 potions of degeneration {unknown}
 J - a potion of berserk rage {unknown}
 N - 2 potions of flight


   Skills:
 + Level 11.9 Fighting
 * Level 11.1 Maces & Flails
 * Level 11.6 Armour
 + Level 6.4 Dodging


You had 10 spell levels left.
You didn't know any spells.
Your spell library was empty.

Dungeon Overview and Level Annotations

Branches:
Dungeon (10/15)            Temple (0/1) D:6            Lair (0/6) D:10
    Orc (0/2) D:9

Altars:
Ashenzari
Cheibriados
Dithmenos
Gozag
Hepliaklqana
Makhleb
Nemelex Xobeh
Okawaru
Trog
Uskayaw
Vehumet
Wu Jian
Yredelemnul
Beogh

Shops:
D:10 [


Innate Abilities, Weirdness & Mutations

You are immune to sickness and miasma.
Your stone body is resilient. (AC +8)
You are immune to poison.
You resist negative energy. (rN+)
You are resistant to electric shocks. (rElec)
You are resistant to unholy torment.
You are immune to petrification.


Message History

HP restored.
You start waiting.
Done waiting.
The hell knight shouts!
You hear a shout! x3
The hell knight shouts!
The hell knight gestures wildly while chanting.
The hell knight seems to speed up.
The hell knight shouts!
You hear a shout!
A red film seems to cover your vision as you go berserk!
You feel yourself moving faster!
You feel mighty!
The hell knight hits you from afar with a +5 demon trident of flaming.
The hell knight burns you.
You feel a strong urge to attack something.
The hell knight shouts!
The hell knight hits you with a +5 demon trident of flaming!
The hell knight burns you.
The hell knight mumbles some strange words.
The hell knight seems to speed up.
The hell knight hits you from afar with a +0 demon trident.
You whack the hell knight!
The hell knight's magic leaks into the air.
The hell knight is lightly wounded.
The hell knight hits you with a +5 demon whip!
The hell knight hits you with a +5 demon trident of flaming!!
The hell knight burns you. The hell knight closely misses you.
You whack the hell knight!
The hell knight's magic leaks into the air.
The hell knight is moderately wounded.
You completely miss the hell knight.
The hell knight is moderately wounded.
The hell knight completely misses you.
The hell knight hits you with a +5 demon trident of flaming!
The hell knight burns you.
The hell knight hits you with a +3 scimitar of flaming!!
* * * LOW HITPOINT WARNING * * *
The hell knight burns you.
* * * LOW HITPOINT WARNING * * *
The hell knight closely misses you.
The hell knight hits you from afar with a +5 demon trident of flaming!!
You die...

..# #..#.# p#.#..##########
..####..#)# .#.≈...)........
........#.# p#.≈.#..........
........#.# <#.≈............
........#.#. .#.≈............
........#.#.#####.#.≈............
........#.#..ppppp#.#.....#######
........#.###≈≈≈###.#.....#......
........#.......@...#.....#......
####'##.#############.....#......
..........................#......
.......+..#####.##........#......
.......#..####..##.>......#......
.......#..................#......
########..................#......
..........####............#...#..
..........#..######.......#......


You could see 3 hell knights.

Vanquished Creatures
  2 two-headed ogres (D:10)
  3 hell knights (D:10)
  A necromancer (D:10)
  2 komodo dragons (D:10)
  A troll (D:9)
  Sigmund (D:2)
  6 yaks
  A wraith (D:7)
  A human (D:9)
  A steam dragon (D:7)
  Menkaure (D:4)
  4 water moccasins
  An acid dragon (D:4)
  7 hell hounds (D:10)
  A hornet zombie (D:7)
  5 orc warriors
  An ice beast (D:6)
  2 sky beasts
  9 black bears
  9 centaurs
  A phantom (D:6)
  A kobold brigand (D:10)
  4 bullfrogs
  Blork the orc (D:4)
  A gnoll sergeant (D:8)
  A wyvern zombie (D:8)
  4 scorpions
  3 killer bees (D:10)
  16 wights
  6 howler monkeys
  A centaur zombie (D:9)
  5 hounds
  Crazy Yiuf (D:4)
  A gnoll shaman (D:7)
  A jelly (D:7)
  4 orc priests
  An iguana (D:6)
  8 orc wizards (D:9)
  A hound skeleton (D:4)
  13 gnolls
  11 adders
  2 shadow imps (D:8)
  A white imp (D:7)
  3 worms (D:2)
  4 dart slugs
  20 orcs
  4 bats
  8 endoplasms
  4 giant cockroaches
  7 goblins
  9 hobgoblins
  2 jackals (D:3)
  11 kobolds
  6 quokkas
  9 ball pythons
  3 frilled lizards
  A goblin zombie (D:9)
  A jackal zombie (D:9)
  A rat (D:2)
240 creatures vanquished.

Vanquished Creatures (others)
  29 fungi (D:10)
  31 plants (D:10)
60 creatures vanquished.

Grand Total: 300 creatures vanquished

Notes
Turn   | Place    | Note
-------+----------+-------------------------------------------
     0 | D:1      | Borgoz the Gargoyle Berserker began the quest for the Orb.
     0 | D:1      | Reached XP level 1. HP: 14/14 MP: 1/1
   418 | D:1      | Reached XP level 2. HP: 19/19 MP: 2/2
   682 | D:1      | Found a faded altar of an unknown god.
  1079 | D:2      | Noticed Sigmund
  1277 | D:2      | Killed Sigmund
  1278 | D:2      | Reached XP level 3. HP: 19/24 MP: 3/3
  1278 | D:2      | Reached XP level 4. HP: 24/30 MP: 4/4
  1278 | D:2      | Reached XP level 5. HP: 27/34 MP: 5/5
  1792 | D:2      | Reached ** piety under Trog
  2275 | D:3      | Reached XP level 6. HP: 39/39 MP: 6/6
  2296 | D:3      | Noticed a sky beast
  2320 | D:3      | Killed a sky beast
  2321 | D:3      | Reached skill level 5 in Fighting
  2601 | D:3      | Reached XP level 7. HP: 37/44 MP: 7/7
  3252 | D:4      | Reached skill level 5 in Maces & Flails
  3277 | D:4      | Identified the amulet of Caff {RegenMP rC+}
  3299 | D:4      | Reached skill level 5 in Armour
  3527 | D:4      | Noticed Blork the orc
  3552 | D:4      | Killed Blork the orc
  3555 | D:4      | Reached XP level 8. HP: 36/51 MP: 8/8
  3563 | D:4      | Reached *** piety under Trog
  3718 | D:4      | Found a broken altar of Ashenzari.
  3823 | D:4      | Found an opulent altar of Gozag.
  4122 | D:4      | Found an iron altar of Okawaru.
  4239 | D:4      | Noticed Menkaure
  4250 | D:4      | Killed Menkaure
  4525 | D:4      | Found a runed translucent door.
  4526 | D:4      | Noticed Crazy Yiuf
  4535 | D:4      | Killed Crazy Yiuf
  4612 | D:5      | Entered Level 5 of the Dungeon
  4770 | D:5      | Found a hide-covered altar of Uskayaw.
  4805 | D:5      | Found a burning altar of Makhleb.
  5358 | D:6      | Reached XP level 9. HP: 44/57 MP: 7/9
  5936 | D:6      | Found a staircase to the Ecumenical Temple.
  6920 | D:7      | Found a bloodstained altar of Trog.
  7027 | D:7      | Identified the +10 whip of Xots {antimagic, rElec}
  7058 | D:7      | Found a radiant altar of Vehumet.
  7083 | D:7      | Reached XP level 10. HP: 57/66 MP: 2/10
  7094 | D:7      | Reached **** piety under Trog
  7174 | D:7      | Found a sparkling altar of Nemelex Xobeh.
  7808 | D:8      | Reached skill level 5 in Dodging
  8146 | D:8      | Reached skill level 10 in Fighting
  8372 | D:8      | Found a snail-covered altar of Cheibriados.
  8418 | D:8      | Found a hazy altar of Hepliaklqana.
  8990 | D:9      | Found a runed translucent door.
  9030 | D:9      | Reached skill level 10 in Armour
  9056 | D:9      | Found a basalt altar of Yredelemnul.
  9245 | D:9      | Found a staircase to the Orcish Mines.
  9585 | D:9      | Reached ***** piety under Trog
  9871 | D:10     | Entered Level 10 of the Dungeon
  9877 | D:10     | Found Hackoch's Antique Armour Emporium.
  9935 | D:10     | Reached XP level 11. HP: 73/73 MP: 3/11
  9953 | D:10     | Reached skill level 10 in Maces & Flails
 10109 | D:10     | Found a shadowy altar of Dithmenos.
 10168 | D:10     | Found a staircase to the Lair.
 10448 | D:10     | Noticed a two-headed ogre
 10456 | D:10     | Killed a two-headed ogre
 10473 | D:10     | Noticed a two-headed ogre
 10479 | D:10     | Killed a two-headed ogre
 10555 | D:10     | Noticed a hell knight
 10566 | D:10     | Killed a hell knight
 10792 | D:10     | Noticed a hell knight
 10801 | D:10     | Noticed a hell knight
 10805 | D:10     | Noticed a necromancer
 10811 | D:10     | Noticed a hell knight
 11043 | D:10     | Found an ornate altar of the Wu Jian Council.
 11126 | D:10     | Noticed a hell knight
 11136 | D:10     | Noticed a hell knight
 11141 | D:10     | Killed a hell knight
 11302 | D:10     | Noticed a hell knight
 11308 | D:10     | Killed a hell knight
 11312 | D:10     | Killed a necromancer
 11312 | D:10     | Noticed a hell knight
 11605 | D:10     | Mangled by a hell knight

Illustrated notes

Levels and vault maps discovered:
D:1:      lemuel_arrival_broad_hall, layout_loops_ring,
          shapermc_ecumenical_altar_rom_forum
D:2:      layout_rooms, hangedman_decor_opposing, uniq_sigmund
D:3:      layout_loops_cross, minmay_guardbox
D:4:      layout_basic, nicolae_gozag_cash_rules_everything_around_me,
          okawaru_ov_weapons_minmay, evilmike_ruin_ashenzari,
          minmay_manual_monstrance, uniq_menkaure, uniq_blork_the_orc,
          uniq_crazy_yiuf_cottage
D:5:      layout_rooms, mainiacjoe_overflow_boulevard,
          nicolae_uskayaw_murder_on_the_dancefloor
D:6:      layout_loops_corners, minmay_temple_entry_glassed_door
D:7:      layout_cave_pods, mainiacjoe_overflow_brackets, trog_ov_bears_minmay,
          nemelex_xobeh_ov_fountains_minmay, chequers_serial_rivers_small_a
D:8:      layout_rooms, mainiacjoe_overflow_cross_hatched,
          worldfamousw_hep_ancestral_shrine
D:9:      layout_basic, dk_yredelemnul_ordeal, minmay_orc_entry_temple_small
D:10:     layout_irregular_city, grunt_dithmenos_smoke, kennysheep_mini_moat,
          due_lair_maze_entry_diamond, serial_shops, nicolae_shop_stone,
          minmay_rotating_lava

Skill      XL: |  1  2  3  4  5  6  7  8  9 10 11 |
---------------+----------------------------------+-----
Fighting       | 4 5 6 7 9 10 11 | 11.9
Maces & Flails | 4 5 6 8 9 11 | 11.1
Armour         | 3 4 5 7 8 10 11 | 11.6
Dodging        | 2 3 4 5 6 |  6.4

Action                   |  1- 3 |  4- 6 |  7- 9 | 10-12 || total
-------------------------+-------+-------+-------+-------++-------
Melee: Mace              |    40 |   139 |   292 |       ||   471
       Morningstar       |       |       |   130 |       ||   130
       Whip              |       |       |    23 |   511 ||   534
Invok: Berserk           |     3 |       |     5 |     5 ||    13
  Use: Scroll            |       |       |       |     6 ||     6
       Potion            |       |       |       |     2 ||     2
 Stab: Distracted        |       |       |       |     1 ||     1
Armor: Animal skin       |    13 |     5 |       |       ||    18
       Ring mail         |       |    45 |    54 |       ||    99
       Acid dragon scale |       |       |   186 |   177 ||   363
Dodge: Dodged            |    19 |    98 |   437 |   354 ||   908
